 Dungeon Crawl Stone Soup version 0.19-a0-1401-g902f63d (webtiles) character file.

4962 Lasiace the Blocker (level 10, 0/80 HPs)
             Began as a Formicid Fighter on Sept 4, 2016.
             Was an Elder of Cheibriados.
             Slain by an eight-headed hydra (8 damage)
             ... on level 9 of the Dungeon.
             The game lasted 00:29:00 (9380 turns).

Lasiace the Blocker (Formicid Fighter)              Turns: 9380, Time: 00:29:01

Health: 0/80       AC:  7    Str: 39    XL:     10   Next: 82%
Magic:  19/19      EV: 16    Int: 17    God:    Cheibriados [****..]
Gold:   434        SH: 24    Dex: 22    Spells: 0 memorised, 9 levels left

rFire  + . .     SeeInvis +     s - +0 long sword
rCold  . . .     Gourm    .     Z - +1 ring mail of Zogekher {rPois rF+ Str+2}
rNeg   . . .     Faith    .     D - +2 large shield
rPois  +         Spirit   .     (helmet unavailable)
rElec  .         Dismiss  .     F - +0 cloak
rCorr  .         Reflect  .     (no gloves)
MR     +....     Harm     .     (no boots)
Stlth  +.........               (no amulet)
                                I - ring of magical power
                                U - +1 ring of evasion

@: mighty, very slow
A: permanent stasis, dig shafts and tunnels, four strong arms, antennae 3,
strong 1
a: Dig, Shaft Self, Bend Time, Temporal Distortion, Slouch, Renounce Religion


You were on level 9 of the Dungeon.
You worshipped Cheibriados.
Cheibriados was greatly pleased with you.
You were not hungry.

You visited 2 branches of the dungeon, and saw 10 of its levels.

You collected 482 gold pieces.
You spent 48 gold pieces at shops.

Inventory:

Hand Weapons
 s - a +0 long sword (weapon)
Missiles
 r - 17 javelins (quivered)
Armour
 D - a +2 large shield (worn)
 F - a +0 cloak (worn)
 M - a +0 scale mail
 Z - the +1 ring mail of Zogekher (worn) {rPois rF+ Str+2}
   (You found it on level 7 of the Dungeon)

   It affects your strength (+2).
   It protects you from fire.
   It protects you from poison.
Jewellery
 I - a ring of magical power (right hand)
 O - an uncursed ring of wizardry
 U - a +1 ring of evasion (left hand)
Wands
 e - a wand of disintegration (9/24)
 t - a wand of iceblast (0/15)
 P - a wand of lightning (0/15)
Scrolls
 b - a scroll of immolation {unknown}
 o - a scroll of enchant weapon {unknown}
 w - a scroll of blinking {unknown}
 x - 5 scrolls of remove curse
 B - a scroll of teleportation {unknown}
 J - a scroll of silence {unknown}
 L - a scroll of recharging {unknown}
Potions
 c - 4 potions of heal wounds {unknown}
 d - a potion of might
 j - 3 potions of invisibility {unknown}
 k - 2 potions of curing {unknown}
 l - 3 potions of agility
 m - a potion of brilliance
 y - 3 potions of lignification {unknown}
 z - a potion of resistance {unknown}
 C - 2 potions of berserk rage {unknown}
 G - a potion of flight {unknown}
 H - 2 potions of magic {unknown}
Books
 A - a book of Burglary

   Spells                             Type                      Level
   a - Swiftness                      Charms/Air                   2
   b - Passwall                       Transmutation/Earth          2
   c - Passage of Golubria            Translocation                4
   d - Lee's Rapid Deconstruction     Earth                        5
   e - Darkness                       Hexes                        6
   f - Invisibility                   Hexes                        6
Comestibles
 a - 8 chunks of flesh
 f - 8 bread rations
 h - 2 royal jellies
 v - 3 meat rations
 E - 2 slices of pizza
 Q - 6 beef jerkies


   Skills:
 - Level 8.1 Fighting
 - Level 8.0 Long Blades
 - Level 3.2 Armour
 - Level 6.3 Dodging
 + Level 11.0 Shields


You had 9 spell levels left.
You didn't know any spells.

Dungeon Overview and Level Annotations

Branches:
Dungeon (9/15)             Temple (1/1) D:4
   Lair: D:8-11         Orc: D:9-12

Altars:
Ashenzari
Cheibriados
Dithmenos
Elyvilon
Fedhas
Gozag
Hepliaklqana
Kikubaaqudgha
Makhleb
Nemelex Xobeh
Okawaru
Qazlal
Ru
Sif Muna
Trog
Uskayaw
Vehumet
Xom
Yredelemnul
Zin
The Shining One

Shops:
D:4 (   D:5 (}[*   D:9 [

Annotations:
D:9 exclusion: upstairs


Innate Abilities, Weirdness & Mutations

You are under a permanent stasis effect.
You can dig through walls and to a lower floor.
Your four strong arms can wield two-handed weapons with a shield.
You have a pair of large antennae on your head. (SInv)
Your muscles are strong. (Str +2)


Message History

You block the seven-headed hydra's attack.
The seven-headed hydra barely misses you.
You block the seven-headed hydra's attack.
The seven-headed hydra bites you! x2; The seven-headed hydra bites you.
You block the seven-headed hydra's attack.
The seven-headed hydra bites you. The seven-headed hydra bites you!
* * * LOW HITPOINT WARNING * * *
You block the seven-headed hydra's attack.
The seven-headed hydra barely misses you.
The seven-headed hydra misses you.
You chop one of the seven-headed hydra's heads off!
The six-headed hydra grows two more!
You slash the eight-headed hydra!
The eight-headed hydra is severely wounded.
You block the eight-headed hydra's attack. x2
The eight-headed hydra completely misses you.
The eight-headed hydra bites you!
* * * LOW HITPOINT WARNING * * *
You block the eight-headed hydra's attack.
The eight-headed hydra bites you!
You die...

..# #.# .. #.#.#.##
..# ..# ...{ #.#.#...
..#####.# ####+####...
#.#.#... ........#
#..........# #.#.....
...##...# #........{.#
#>###.## .#.#.{..#
#..........# #.....#
.#..#...# #..........#
#.##### .#D##...#
##.#.#################
.#<##...#
#)##.@D......)).(.....
.#.##...#
##.###......##########
.#......#
###............... #
.###.#...
..{..........######. #
.#
..#...........#######
# .# ..# . ..o.... #
.#..<# .. .......
.#...#.# #####.#
........ ..


You could see an eight-headed hydra.

Vanquished Creatures
  Joseph (D:9)
  2 trolls (D:9)
  A wyvern (D:9)
  2 yaks
  3 hippogriffs
  Eustachio (D:6)
  Menkaure (D:6)
  Edmund (D:6)
  A water moccasin (D:7)
  An orc warrior (D:9)
  A sky beast (D:8)
  A wasp (D:9)
  2 black bears
  2 ice beasts
  A phantom (D:8)
  An eye of draining (D:9)
  8 ogres
  4 centaurs
  A water moccasin zombie (D:5)
  3 scorpions
  3 howler monkeys (D:8)
  2 crimson imps
  A hound (D:4)
  2 quasits (D:9)
  A centaur skeleton (D:5)
  Crazy Yiuf (D:6)
  3 orc priests
  A gnoll shaman (D:4)
  2 jellies
  3 orc wizards
  An iguana (D:9)
  A worker ant (D:7)
  A worker ant zombie (D:5)
  7 gnolls
  10 adders
  A howler monkey skeleton (D:9)
  A shadow imp (D:6)
  An adder zombie (D:8)
  4 worms
  3 dart slugs
  3 giant geckos
  18 orcs
  A ball python (D:4)
  4 bats
  10 giant cockroaches
  3 goblins
  7 hobgoblins
  10 jackals
  4 quokkas
  9 giant newts
  A jackal skeleton (D:5)
  8 kobolds
  A quokka skeleton (D:5)
  11 rats
177 creatures vanquished.

Notes
Turn   | Place    | Note
-------+----------+-------------------------------------------
     0 | D:1      | Lasiace the Formicid Fighter began the quest for the Orb.
     0 | D:1      | Reached XP level 1. HP: 18/18 MP: 1/1
   101 | D:1      | Reached skill level 4 in Shields
   143 | D:1      | Reached XP level 2. HP: 24/24 MP: 2/2
   517 | D:1      | Reached XP level 3. HP: 21/30 MP: 3/3
  1118 | D:2      | Found a glowing golden altar of the Shining One.
  1228 | D:2      | Reached XP level 4. HP: 33/37 MP: 4/4
  1782 | D:2      | Found a bloodstained altar of Trog.
  1911 | D:2      | Found a snail-covered altar of Cheibriados.
  1913 | D:2      | Became a worshipper of Cheibriados the Contemplative
  2081 | D:3      | Reached XP level 5. HP: 32/42 MP: 5/5
  2085 | D:3      | Found a shimmering altar of Xom.
  2439 | D:3      | Found a burning altar of Makhleb.
  2809 | D:3      | Reached * piety under Cheibriados
  3022 | D:4      | Found a staircase to the Ecumenical Temple.
  3031 | Temple   | Entered the Ecumenical Temple
  3182 | D:4      | Got a crystal quarterstaff
  3386 | D:3      | Reached skill level 5 in Long Blades
  3395 | D:3      | Reached XP level 6. HP: 32/48 MP: 6/6
  3546 | D:4      | Found an ancient bone altar of Kikubaaqudgha.
  3582 | D:4      | Found a hide-covered altar of Uskayaw.
  3663 | D:4      | Found Jokin's Antique Weapon Shop.
  3903 | D:4      | Reached skill level 5 in Shields
  4334 | D:5      | Entered Level 5 of the Dungeon
  4361 | D:5      | Reached skill level 6 in Shields
  4361 | D:5      | Reached XP level 7. HP: 54/54 MP: 7/7
  4537 | D:5      | Reached skill level 7 in Shields
  4943 | D:5      | Reached skill level 8 in Shields
  5031 | D:5      | Found Wievet's Antique Armour Emporium.
  5033 | D:5      | Found Jungy's General Store.
  5034 | D:5      | Found Apuottiz's Gadget Emporium.
  5039 | D:5      | Found Kojeoff's Weapon Emporium.
  5041 | D:5      | Bought a potion of agility for 48 gold pieces
  5115 | D:6      | Reached XP level 8. HP: 60/60 MP: 8/8
  5135 | D:6      | Found a runed door.
  5157 | D:6      | Noticed Eustachio
  5236 | D:6      | Killed Eustachio
  5236 | D:6      | Reached ** piety under Cheibriados
  5263 | D:6      | Found a stormy altar of Qazlal.
  5300 | D:6      | Noticed Crazy Yiuf
  5307 | D:6      | Killed Crazy Yiuf
  5444 | D:6      | Found a deep blue altar of Sif Muna.
  5482 | D:6      | Noticed Edmund
  5526 | D:6      | Killed Edmund
  5695 | D:6      | Found a basalt altar of Yredelemnul.
  5851 | D:6      | Reached skill level 1 in Dodging
  5987 | D:6      | Found a deep blue altar of Sif Muna.
  5988 | D:6      | Found a white marble altar of Elyvilon.
  6000 | D:6      | Noticed Menkaure
  6010 | D:6      | Killed Menkaure
  6010 | D:6      | Reached XP level 9. HP: 34/65 MP: 9/9
  6657 | D:7      | Got a distressingly furry ring mail
  6668 | D:7      | Identified the cursed +1 ring mail of Zogekher {rPois rF+ Str+2} (You found it on level 7 of the Dungeon)
  6796 | D:7      | Reached skill level 5 in Dodging
  7196 | D:8      | Reached *** piety under Cheibriados
  7254 | D:8      | Reached skill level 9 in Shields
  7560 | D:8      | Reached skill level 5 in Fighting
  7810 | D:8      | Reached XP level 10. HP: 59/76 MP: 10/10
  7888 | D:8      | Found a sparkling altar of Nemelex Xobeh.
  8288 | D:9      | Found an opulent altar of Gozag.
  8445 | D:9      | Found Sitsuv's Armour Shoppe.
  8470 | D:9      | Reached **** piety under Cheibriados
  8478 | D:9      | Gained mutation: Your muscles are strong. (Str +2) [potion of beneficial mutation]
  8760 | D:9      | Reached skill level 10 in Shields
  8819 | D:9      | Noticed a seven-headed hydra
  8822 | D:9      | Noticed a skeletal warrior
  8914 | D:9      | Noticed Joseph
  8935 | D:9      | Killed Joseph
  9358 | D:9      | Reached skill level 11 in Shields
  9380 | D:9      | Slain by an eight-headed hydra

Vault maps used:
D:1:      minmay_arrival_widening_spiral_wide, minmay_tetromino_t2
D:2:      kennysheep_slug_shrine, nicolae_overflow_crystal_walls, serial_glass,
          glass_columns_b, glass_columns_a, glass_columns_a, glass_columns_c,
          roderic_roman_lattice, nicolae_tso_swordbearing_angel
D:3:      makhleb_grotto_becter, tgw_xom
D:4:      overflow_temple_1_default, lemuel_round_altar, first_bread,
          serial_shops, kennysheep_mini_moat, serial_park_tiny_2, minivault_19
D:5:      minmay_shop_grid_forest
D:6:      nicolae_qazlal_general_emergency, overflow_temple_1_default,
          gammafunk_temple_overflow_statue, basic_altar, uniq_menkaure,
          uniq_edmund, uniq_crazy_yiuf_cottage, uniq_eustachio
D:8:      old_standard_altar, grunt_ogre_cave
D:9:      minmay_bloctagon_deflated, lemuel_round_altar, serial_shops, shop,
          uniq_joseph
Temple:   nicolae_temple_figure_zero

Skill      XL: |  1  2  3  4  5  6  7  8  9 10 |
---------------+-------------------------------+-----
Shields        | 4 6 8 9 11 | 11.0
Fighting       | 4 6 8 |  8.1
Long Blades    | 3 4 5 8 |  8.0
Dodging        | 2 5 6 |  6.3
Armour         | |  3.2

Action                   |  1- 3 |  4- 6 |  7- 9 | 10-12 || total
-------------------------+-------+-------+-------+-------++-------
Melee: Long sword        |    83 |   260 |   439 |   160 ||   942
Throw: Javelin           |       |       |     2 |       ||     2
 Abil: Dig               |       |     2 |     5 |     5 ||    12
Evoke: Wand              |       |       |       |     5 ||     5
  Use: Scroll            |       |       |       |     7 ||     7
       Potion            |       |       |       |     3 ||     3
 Stab: Sleeping          |       |       |       |     1 ||     1
  Eat: Chunk             |     1 |     8 |     7 |     3 ||    19
Armor: Scale mail        |    31 |    53 |    33 |       ||   117
       Ring mail         |       |       |     9 |    27 ||    36
Dodge: Dodged            |    20 |    36 |    62 |    65 ||   183
Block: Shield            |    37 |    44 |       |       ||    81
       Large shield      |       |   118 |   366 |   185 ||   669
